 Dungeon Crawl Stone Soup version 0.19.1-1-g22dce08 (webtiles) character file.

2757 LORDOFBUTT the Cleaver (level 9, -2/71 HPs)
             Began as a Minotaur Berserker on Jan 12, 2017.
             Was an Elder of Trog.
             Slain by an orc warrior
             ... wielding a +0 trident
              (19 damage)
             ... on level 8 of the Dungeon.
             The game lasted 00:09:25 (5879 turns).

LORDOFBUTT the Cleaver (Minotaur Berserker)         Turns: 5879, Time: 00:09:25

Health: -2/71      AC: 11    Str: 29    XL:     9   Next: 41%
Magic:  8/8        EV:  9    Int:  4    God:    Trog [****..]
Gold:   444        SH:  0    Dex: 11    Spells: 0 memorised, 8 levels left

rFire  . . .     SeeInvis .     a - +0 hand axe
rCold  . . .     Gourm    .     n - +0 chain mail
rNeg   . . .     Faith    .     (no shield)
rPois  .         Spirit   .     (helmet restricted)
rElec  .         Reflect  .     o - +0 cloak
rCorr  .         Harm     .     (no gloves)
MR     +....                    C - +0 pair of boots
Stlth  ..........               (no amulet)
                                (no ring)
                                l - ring of protection from magic

@: mighty
A: retaliatory headbutt, horns 2
a: Berserk, Trog's Hand, Brothers in Arms, Burn Spellbooks, Renounce Religion


You were on level 8 of the Dungeon.
You worshipped Trog.
Trog was greatly pleased with you.
You were near starving.

You visited 1 branch of the dungeon, and saw 8 of its levels.

You collected 444 gold pieces.

Inventory:

Hand Weapons
 a - a +0 hand axe (weapon)
Missiles
 J - 6 tomahawks of returning (quivered)
Armour
 n - a +0 chain mail (worn)
 o - a +0 cloak (worn)
 C - a +0 pair of boots (worn)
Jewellery
 l - a ring of protection from magic (left hand)
 x - an uncursed ring of poison resistance {unknown}
 A - an uncursed ring of magical power {unknown}
 B - a +3 ring of intelligence {unknown}
 H - an uncursed ring of stealth {unknown}
Wands
 m - a wand of heal wounds (3/9)
 t - a wand of slowing (15/48)
 w - a wand of iceblast (9/15)
 F - a wand of confusion (16/48)
 K - a wand of lightning (10/15)
 M - a wand of iceblast (3/15)
 N - a wand of iceblast (4/15)
Scrolls
 d - 3 scrolls of teleportation
 e - 6 scrolls of enchant armour {unknown}
 g - a scroll of remove curse {unknown}
 k - 3 scrolls of recharging {unknown}
 s - 4 scrolls of immolation
 v - 3 scrolls of noise
 y - a scroll of enchant weapon {unknown}
 z - 2 scrolls of random uselessness {unknown}
 D - a scroll of blinking {unknown}
Potions
 b - a potion of ambrosia
 f - 2 potions of heal wounds
 h - 2 potions of brilliance
 i - 2 potions of flight
 j - a potion of cure mutation {unknown}
 p - 2 potions of curing
 r - 2 potions of agility
 u - 2 potions of might
 L - a potion of magic {unknown}
Books
 G - a book of Clouds

   Spells                             Type                      Level
   a - Mephitic Cloud                 Conjuration/Poison/Air       3
   b - Conjure Flame                  Conjuration/Fire             3
   c - Poisonous Cloud                Conjuration/Poison/Air       6
   d - Freezing Cloud                 Conjuration/Ice/Air          6
   e - Ring of Flames                 Charms/Fire                  7
   Trog disapproves of the use of such an item.
Comestibles
 c - 3 bread rations
 q - a meat ration
 E - 3 fruits
 I - 2 beef jerkies


   Skills:
 - Level 3.7 Fighting
 + Level 14.6 Axes
 - Level 2.5 Armour
 - Level 2.2 Dodging
 - Level 2.1 Stealth


You had 8 spell levels left.
You didn't know any spells.

Dungeon Overview and Level Annotations

Branches:
Dungeon (8/15)             Temple (0/1) D:5
   Lair: D:8-11

Altars:
Ashenzari
Makhleb
Qazlal
Yredelemnul

Shops:
D:6 }*[%   D:7 ?


Innate Abilities, Weirdness & Mutations

You reflexively headbutt those who attack you in melee.
You have a pair of horns on your head.


Message History

You slash the orc warrior!
The orc warrior hits you with a trident!
You slash the orc priest!
You kill the orc priest!
Trog accepts your kill.
You hit the orc warrior but do no damage.
You barely miss the orc warrior. You headbutt the orc warrior.
The orc warrior is heavily wounded.
The orc warrior hits you with a trident!
* * * LOW HITPOINT WARNING * * *
You closely miss the orc warrior. Your headbutt misses the orc warrior.
The orc warrior is heavily wounded.
The orc warrior hits you with a trident.
* * * LOW HITPOINT WARNING * * *
You closely miss the orc warrior. Your headbutt misses the orc warrior.
The orc warrior is heavily wounded.
You closely miss the orc warrior. You headbutt the orc warrior!
The orc warrior is almost dead.
The orc warrior hits you with a trident!!
You die...

.# # .... #.#....#........#
.# #..... #...............#
.# #......
#.............### ##
....._.....#....#.##..####.
.#.......#.##.#.#..........
.....#.##.#.####..#####
.... #.##.#.#..........
##.####o##.#.##.......##
......[@...............#
#$....####.#...........#
#.... #.######....#.. #(..
#.# #....### #.. ...
#<...#.. #. ... ....#.# #
..... ...# # ....# #


You could see an orc warrior.

Vanquished Creatures
  The ghost of bande the Chopper, an amateur HOFi (D:4)
  Grinder (D:3)
  A wyvern (D:8)
  2 orc warriors
  A sky beast (D:5)
  A phantom (D:4)
  2 centaurs (D:8)
  A crocodile (D:7)
  2 big kobolds (D:7)
  A bullfrog (D:7)
  4 scorpions
  2 howler monkeys
  3 crimson imps
  A centaur zombie (D:8)
  9 orc priests
  4 hounds
  4 centaur skeletons
  3 orc wizards
  An iguana (D:7)
  Terence (D:3)
  2 worker ants
  A hound zombie (D:8)
  12 adders
  4 gnolls (D:7)
  A shadow imp (D:6)
  An ooze (D:4)
  An adder zombie (D:6)
  3 adder skeletons
  2 dart slugs
  A worm (D:2)
  6 leopard geckos
  19 orcs
  6 giant cockroaches
  4 hobgoblins
  8 jackals
  3 quokkas
  7 bats
  4 frilled lizards
  7 goblins
  16 kobolds
  5 rats
158 creatures vanquished.

Notes
Turn   | Place    | Note
-------+----------+-------------------------------------------
     0 | D:1      | LORDOFBUTT the Minotaur Berserker began the quest for the Orb.
     0 | D:1      | Reached XP level 1. HP: 19/19 MP: 0/0
    81 | D:1      | Reached skill level 4 in Axes
   120 | D:1      | Reached XP level 2. HP: 19/27 MP: 1/1
   425 | D:1      | Reached ** piety under Trog
   654 | D:2      | Reached XP level 3. HP: 33/33 MP: 2/2
   718 | D:2      | Reached skill level 5 in Axes
   814 | D:2      | Found a basalt altar of Yredelemnul.
   877 | D:2      | Reached skill level 1 in Stealth
  1071 | D:2      | Found a burning altar of Makhleb.
  1084 | D:2      | Reached XP level 4. HP: 40/40 MP: 3/3
  1173 | D:3      | Reached skill level 6 in Axes
  1173 | D:3      | Reached XP level 5. HP: 21/46 MP: 4/4
  1386 | D:3      | Noticed Terence
  1404 | D:3      | Killed Terence
  1404 | D:3      | Reached skill level 7 in Axes
  1598 | D:3      | Reached XP level 6. HP: 44/52 MP: 5/5
  1803 | D:3      | Noticed Grinder
  1806 | D:3      | Reached *** piety under Trog
  1812 | D:3      | Killed Grinder
  1812 | D:3      | Reached skill level 9 in Axes
  1812 | D:3      | Reached XP level 7. HP: 44/58 MP: 6/6
  2016 | D:4      | Noticed bande's ghost (amateur HOFi)
  2021 | D:4      | Killed bande's ghost
  2021 | D:4      | Reached skill level 10 in Axes
  2608 | D:4      | Reached skill level 11 in Axes
  2608 | D:4      | Reached XP level 8. HP: 42/66 MP: 7/7
  2987 | D:5      | Entered Level 5 of the Dungeon
  2990 | D:5      | Found a staircase to the Ecumenical Temple.
  3724 | D:6      | Reached skill level 12 in Axes
  3880 | D:6      | Found Huquff Hopn's Antique Armour Shop.
  3880 | D:6      | Found Wynubehube's Food Emporium.
  3903 | D:6      | Found Uheawikhluku's Quality Used Wands.
  3928 | D:6      | Found Engairel's General Store.
  4406 | D:7      | Reached **** piety under Trog
  4406 | D:7      | Reached skill level 13 in Axes
  4546 | D:7      | Found Metappoc's Magic Scroll Emporium.
  4746 | D:7      | Reached XP level 9. HP: 63/71 MP: 8/8
  4748 | D:7      | Received a gift from Trog
  5547 | D:8      | Reached skill level 14 in Axes
  5785 | D:8      | Found a shattered altar of Ashenzari.
  5822 | D:8      | Found a stormy altar of Qazlal.
  5879 | D:8      | Slain by an orc warrior

Skill      XL: |  1  2  3  4  5  6  7  8  9 |
---------------+----------------------------+-----
Axes           | 4 5 6 7 9 11 13 14 | 14.6
Stealth        | 1 2 |  2.1
Fighting       | |  3.7
Armour         | |  2.5
Dodging        | |  2.2

Action                   |  1- 3 |  4- 6 |  7- 9 || total
-------------------------+-------+-------+-------++-------
Melee: Hand axe          |    65 |    86 |   347 ||   498
       Headbutt          |    11 |    14 |    82 ||   107
Invok: Berserk           |       |     1 |     2 ||     3
  Use: Scroll            |     2 |       |     9 ||    11
       Potion            |       |       |     3 ||     3
  Eat: Chunk             |       |     3 |     8 ||    11
       Beef jerky        |       |       |     2 ||     2
       Fruit             |       |       |     3 ||     3
Armor: Animal skin       |     4 |       |       ||     4
       Chain mail        |    15 |    37 |   123 ||   175
Dodge: Dodged            |    35 |    34 |   111 ||   180
